 Dungeon Crawl Stone Soup version 0.24-a0-180-g654ca03 (webtiles) character file.

Game seed: 682241107898489041

128868 JimmahDean the Eclecticist (level 16, -4/97 HPs)
             Began as a Deep Elf Conjurer on Mar 13, 2019.
             Was a High Priest of Sif Muna.
             Slain by an eight-headed hydra (5 damage)
             ... on level 4 of the Swamp.
             The game lasted 02:50:38 (52556 turns).

JimmahDean the Eclecticist (Deep Elf Conjurer)     Turns: 52556, Time: 02:50:39

Health: -4/97      AC: 13    Str:  5    XL:     16   Next: 49%
Magic:  9/40       EV: 16    Int: 31    God:    Sif Muna [*****.]
Gold:   1349       SH:  8    Dex: 15    Spells: 4/51 levels left

rFire    . . .     SeeInvis .   I - staff of cold
rCold    + . .     Gourm    .   F - +0 buckler {AC+3}
rNeg     + . .     Faith    .   v - +0 robe {MR+}
rPois    +         Spirit   .   (no helmet)
rElec    .         Reflect  +   B - +1 cloak "Reobb" {rN+ MR++ Int+3}
rCorr    .         Harm     .   M - +2 pair of gloves
MR       ++++.                  K - +2 pair of boots {Fly}
Stlth    +++.......             j - +3 amulet of reflection
HPRegen  0.26/turn              T - ring of poison resistance
MPRegen  0.27/turn              h - ring of wizardry

@: flying, divine energy
A: no striking features
a: Stop Divine Energy, Channel Magic, Forget Spell, Renounce Religion, Stop
Flying


You were on level 4 of the Swamp.
You worshipped Sif Muna.
Sif Muna was extremely pleased with you.
You were not hungry.

You visited 5 branches of the dungeon, and saw 28 of its levels.
You also visited: Sewer.

You collected 2885 gold pieces.
You spent 1536 gold pieces at shops.

Inventory:

Hand Weapons
 w - a +1 hand axe of freezing
Armour
 v - a +0 robe of magic resistance (worn)
 B - the +1 cloak "Reobb" (worn) {rN+ MR++ Int+3}
   (You found it on level 5 of the Dungeon)

   It affects your intelligence (+3).
   It protects you from negative energy.
   It affects your resistance to hostile enchantments.
 F - a +0 buckler of protection (worn)
 K - a +2 pair of boots of flying (worn)
 M - a +2 pair of gloves (worn)
Magical Staves
 I - an uncursed staff of cold (weapon)
Jewellery
 h - a ring of wizardry (right hand)
 j - a +3 amulet of reflection (around neck)
 P - an uncursed ring of protection from cold
 T - a ring of poison resistance (left hand)
 X - an uncursed ring of see invisible
Wands
 r - a wand of iceblast (1)
 t - a wand of enslavement (21)
 y - a wand of flame (35)
 H - a wand of paralysis (26)
 O - a wand of digging (4)
 Q - a wand of clouds (5)
 S - a wand of polymorph (7)
 Y - a wand of disintegration (16)
Scrolls
 k - 7 scrolls of magic mapping
 m - 21 scrolls of remove curse {@r2}
 n - 4 scrolls of immolation {!r}
 o - 5 scrolls of amnesia
 q - 13 scrolls of teleportation {@r4}
 u - a scroll of torment {unknown}
 A - 2 scrolls of fear
 C - a scroll of holy word
 D - 4 scrolls of blinking
 E - 5 scrolls of fog {@r3}
 L - 3 scrolls of enchant weapon
 R - a scroll of random uselessness {unknown}
 W - a scroll of vulnerability {!r}
Potions
 a - 2 potions of magic
 d - 8 potions of brilliance
 e - 13 potions of curing {@q1}
 f - 4 potions of ambrosia
 g - 6 potions of heal wounds {@q2}
 i - 5 potions of mutation {!q}
 l - 9 potions of haste {@q3}
 p - 2 potions of agility
 s - 5 potions of might
 z - a potion of lignification {!q}
 G - a potion of berserk rage {unknown}
 J - 3 potions of flight
 U - 2 potions of cancellation
 Z - 2 potions of invisibility
Miscellaneous
 b - a lamp of fire
 N - a sack of spiders
Comestibles
 c - 47 rations {@e1}


   Skills:
 - Level 10.0 Fighting
 - Level 6.0 Dodging
 - Level 6.1 Stealth
 - Level 4.0 Shields
 + Level 18.0 Spellcasting
 - Level 15.1 Conjurations
 - Level 12.0 Hexes
 - Level 11.0 Summonings
 - Level 6.0 Air Magic
 - Level 6.1 Poison Magic
 - Level 7.1 Invocations
 - Level 6.0 Evocations


You had 4 spell levels left.
You knew the following spells:

 Your Spells              Type           Power        Failure   Level  Hunger
a - Magic Dart            Conj           ####         0%          1    None
b - Searing Ray           Conj           ######       0%          2    None
c - Iskenderun's Mystic   Conj           #######.     1%          4    None
e - Fulminant Prism       Conj/Hex       #######...   1%          4    None
A - Airstrike             Air            ######....   1%          4    None
B - Blink                 Tloc           N/A          1%          2    None
D - Dazzling Spray        Conj/Hex       ######       0%          3    None
F - Freezing Cloud        Conj/Ice/Air   #######...   4%          6    None
I - Invisibility          Hex            #######.     1%          6    None
M - Mephitic Cloud        Conj/Pois/Air  ######..     1%          3    None
O - Olgreb's Toxic Radia  Pois           ######..     1%          4    None
S - Summon Butterflies    Summ           #######.     0%          1    None
W - Swiftness             Chrm/Air       #####...     1%          2    None
Y - Yara's Violent Unrav  Hex/Tmut       ######....   1%          5    None

Your spell library contained the following spells:

 Spells                   Type           Power        Failure   Level  Hunger
 Confusing Touch          Hex            ######       0%          1    None
 Shock                    Conj/Air       ####         0%          1    None
 Sting                    Conj/Pois      ####         0%          1    None
 Summon Small Mammal      Summ           ####         0%          1    None
 Call Imp                 Summ           #######.     0%          2    None
 Slow                     Hex            #######.     0%          2    None
 Animate Skeleton         Necr           N/A          1%          1    None
 Apportation              Tloc           ####..       1%          1    None
 Beastly Appendage        Tmut           ####..       1%          1    None
 Flame Tongue             Conj/Fire      #####        1%          1    None
 Poisonous Vapours        Pois/Air       ######       1%          2    None
 Song of Slaying          Chrm           ####....     1%          2    None
 Sticks to Snakes         Tmut           ####....     1%          2    None
 Throw Flame              Conj/Fire      ######       1%          2    None
 Confuse                  Hex            #######.     1%          3    None
 Conjure Flame            Conj/Fire      ######..     1%          3    None
 Gell's Gravitas          Tloc           ####......   1%          3    None
 Ignite Poison            Fire/Tmut/Pois #####...     1%          3    None
 Inner Flame              Hex/Fire       ######..     1%          3    None
 Lesser Beckoning         Tloc           ####......   1%          3    None
 Regeneration             Chrm/Necr      ####......   1%          3    None
 Spider Form              Tmut/Pois      #####.....   1%          3    None
 Static Discharge         Conj/Air       #######.     1%          3    None
 Tukima's Dance           Hex            #######.     1%          3    None
 Force Lance              Conj/Tloc      ######..     1%          4    None
 Sticky Flame             Conj/Fire      ######..     1%          4    None
 Summon Lightning Spire   Summ/Air       ######..     1%          4    None
 Throw Icicle             Conj/Ice       #######.     1%          4    None
 Animate Dead             Necr           N/A          6%          4    None
 Ice Form                 Ice/Tmut       #####...     6%          4    None
 Petrify                  Tmut/Erth      ####....     6%          4    None
 Fireball                 Conj/Fire      ######....   1%          5    None
 Irradiate                Conj/Tmut      ######....   1%          5    None
 Iskenderun's Battlesphe  Conj/Chrm      ######..     1%          5    None
 Lightning Bolt           Conj/Air       #######...   1%          5    None
 Metabolic Englaciation   Hex/Ice        #######...   1%          5    None
 Silence                  Hex/Air        ######....   1%          5    None
 Summon Mana Viper        Hex/Summ       #######.     1%          5    None
 Venom Bolt               Conj/Pois      #######...   1%          5    None
 Conjure Ball Lightning   Conj/Air       #######...   1%          6    None
 Poison Arrow             Conj/Pois      #######...   1%          6    None
 Shadow Creatures         Summ           N/A          1%          6    None
 Spellforged Servitor     Conj/Summ      #######...   2%          7    ####...
 Alistair's Intoxication  Tmut/Pois      #####...     4%          5    None
 Blade Hands              Tmut           ####......   16%         5    None
 Haunt                    Necr/Summ      ######....   43%         7    ####...
 Death Channel            Necr           ####......   61%         6    None
 Tornado                  Air            ######....   100%        9    #######


Dungeon Overview and Level Annotations

Branches:
Dungeon (15/15)            Temple (1/1) D:6            Lair (6/6) D:9
  Swamp (4/4) Lair:2       Spider (0/4) Lair:2        Slime (0/5) Lair:5
    Orc (2/2) D:10            Elf (0/3) Orc:2        Vaults (0/5) D:13
 Depths (0/5) D:15

Altars:
Ashenzari
Cheibriados
Dithmenos
Elyvilon
Fedhas
Gozag
Hepliaklqana
Kikubaaqudgha
Makhleb
Nemelex Xobeh
Okawaru
Qazlal
Ru
Sif Muna
Trog
Uskayaw
Vehumet
Wu Jian
Xom
Yredelemnul
Zin
The Shining One
Beogh
Jiyva

Shops:
D:8 *   Orc:2 !*![(:=

Annotations:
D:3 Sigmund; Robe of Magic Resist!
Lair:1 1 exclusion
Lair:2 SWAMP
Lair:5 1 runed translucent door;Single Ghost of OW; 1 Staff, Elulaimn's ghost, journeyman DsIE
Orc:2 3 runed translucent doors; Gargoyle Ghost of Nope, brasw1bg's ghost, adept GrBe


Message History

* * * LOW HITPOINT WARNING * * *
The eight-headed hydra misses you. The eight-headed hydra bites you.
* * * LOW HITPOINT WARNING * * *
You take 18 damage, and have 19/97 hp.
You blink.
You now have 12/40 mp.
You blink.
The eight-headed hydra misses you. The eight-headed hydra bites you.
* * * LOW HITPOINT WARNING * * *
The eight-headed hydra bites you but does no damage. x2
The eight-headed hydra bites you!
* * * LOW HITPOINT WARNING * * *
You block the eight-headed hydra's attack.
The eight-headed hydra misses you. The eight-headed hydra bites you.
* * * LOW HITPOINT WARNING * * *
You take 13 damage, and have 6/97 hp.
You now have 10/40 mp.
You blink.
The swamp drake misses you. The eight-headed hydra bites you.
* * * LOW HITPOINT WARNING * * *
The eight-headed hydra barely misses you.
The eight-headed hydra bites you.
You die...

≈♣....≈.≈.≈≈≈≈≈≈≈♣♣≈≈≈♣.≈≈≈≈.≈≈≈≈
≈.≈≈......≈≈≈≈.≈.♣♣.≈≈≈≈≈≈≈≈≈≈≈≈≈
≈≈≈≈...≈♣.≈.≈.≈.♣♣♣.≈≈≈..<≈≈≈≈≈≈≈
≈§≈.≈≈♣♣##♣≈≈.≈♣♣♣♣§≈≈.♣♣♣≈≈≈≈≈≈≈
≈≈≈k♣♣# #♣≈≈♣♣ ♣.≈≈..♣ ♣♣♣.≈≈≈.
≈.≈♣# #♣≈≈♣♣♣≈≈≈≈♣♣♣♣♣♣.≈≈≈≈ ≈≈♣#
#♣≈≈♣.♣≈≈.≈.≈≈♣..≈≈≈≈ ..
#♣§k..≈?.♣≈≈≈.≈≈≈≈≈≈ .♣
#§@D≈§♣♣♣♣...≈≈≈... ≈ #♣..§≈♣
♣♣≈≈≈≈≈... . .D. #♣§≈.♣♣
♣♣≈...≈≈.♣ ≈ #..
#≈≈≈..♣♣♣♣.♣♣♣♣≈♣♣♣ #...
#♣♣§≈≈≈≈≈♣..≈♣ ♣.≈.♣♣ #.[
#≈≈...♣.♣♣..♣♣♣♣.≈.♣♣ #..
##♣[♣♣.♣♣♣♣≈.≈..♣..≈≈≈♣
≈≈≈##.##.≈≈♣♣♣♣ ♣♣♣♣.<≈≈≈.♣..♣
♣.≈...≈.♣♣♣ ♣♣≈..♣♣≈≈≈.≈...


You could see an eight-headed hydra and a swamp drake.

Vanquished Creatures
  2 fire dragons (D:15)
  8 vault guards
  21 hydras
  2 shambling mangroves
  2 ghost crabs (Swamp:4)
  4 death yaks (Lair:6)
  4 ogre magi (Orc:2)
  7 alligators
  21 two-headed ogres
  7 spriggans
  3 unseen horrors (D:14)
  2 spriggan druids
  4 swamp dragons
  An orc knight (Orc:1)
  A wolf spider zombie (D:15)
  2 deep elf magi
  13 ugly things
  An orc sorcerer (Orc:1)
  2 cyclopes
  9 elephants (Lair:4)
  A wolf spider (Lair:2)
  3 manticores
  Maurice (D:12)
  3 black mambas
  4 rime drakes
  29 spiny frogs
  6 komodo dragons
  An efreet (D:15)
  A kobold demonologist (D:14)
  4 yaktaurs
  A freezing wraith (D:15)
  8 trolls
  11 hornets
  17 blink frogs
  12 tyrant leeches
  24 slime creatures
  7 dream sheep (Lair:6)
  9 bog bodies
  12 hippogriffs
  Sigmund (D:3)
  2 wraiths
  A wyvern (D:9)
  4 shadows
  31 yaks
  3 hogs (D:8)
  A steam dragon (D:13)
  4 basilisks
  A hungry ghost (D:11)
  30 vampire mosquitoes
  2 humans
  5 wargs
  A soldier ant (D:13)
  10 insubstantial wisps
  16 swamp worms
  8 porcupines
  11 water moccasins
  13 orc warriors
  A black bear (Lair:4)
  8 swamp drakes
  4 sky beasts
  An eye of draining (D:15)
  3 ice beasts
  30 ogres
  5 wolves (Lair:4)
  5 centaurs
  2 necrophages (D:9)
  11 crocodiles
  A big kobold (D:7)
  25 bullfrogs
  2 wyvern skeletons (D:14)
  2 scorpions
  7 wights (D:13)
  4 killer bees (D:10)
  6 howler monkeys
  2 electric eels
  3 bullfrog zombies
  8 crimson imps
  4 centaur zombies
  3 jellies
  19 orc priests
  6 hounds
  A gnoll shaman (D:4)
  6 centaur skeletons
  2 iguanas
  24 orc wizards
  8 worker ants
  A hound skeleton (D:9)
  A worker ant zombie (D:3)
  8 gnolls
  13 adders
  A river rat (D:6)
  4 shadow imps
  13 white imps (D:11)
  An adder skeleton (D:9)
  2 adder zombies (D:8)
  6 worms
  2 dart slugs
  4 leopard geckos
  77 orcs
  3 ball pythons
  8 giant cockroaches
  12 goblins
  10 hobgoblins
  11 jackals
  21 kobolds
  4 quokkas
  11 bats
  12 frilled lizards
  6 rats
  3 fungi
  2 plants (Sewer)
853 creatures vanquished.

Vanquished Creatures (others)
  A yaktaur (D:15)
  A bush (Lair:4)
  27 fulminant prisms
  17 fungi
  47 plants
93 creatures vanquished.

Grand Total: 946 creatures vanquished

Notes
Turn   | Place    | Note
-------+----------+-------------------------------------------
     0 | D:1      | JimmahDean the Deep Elf Conjurer began the quest for the
                  | Orb.
     0 | D:1      | Reached XP level 1. HP: 10/10 MP: 6/6
   229 | D:1      | Reached XP level 2. HP: 15/15 MP: 6/8
   250 | D:1      | Reached skill level 5 in Conjurations
   446 | D:1      | Learned a level 2 spell: Searing Ray
   932 | D:1      | Reached XP level 3. HP: 19/19 MP: 7/9
  1753 | D:2      | Reached XP level 4. HP: 24/24 MP: 7/10
  2184 | D:2      | Learned a level 3 spell: Dazzling Spray
  2488 | D:2      | Found a blossoming altar of Fedhas.
  2898 | D:3      | Found a glowing golden altar of the Shining One.
  2898 | D:3      | Found a white marble altar of Elyvilon.
  2899 | D:3      | Found a glowing silver altar of Zin.
  3125 | D:3      | Reached XP level 5. HP: 28/28 MP: 1/12
  3512 | D:3      | Noticed Sigmund
  3669 | D:3      | Reached skill level 4 in Spellcasting
  3983 | D:4      | Learned a level 4 spell: Fulminant Prism
  4291 | D:4      | Reached skill level 1 in Hexes
  4423 | D:4      | Reached XP level 6. HP: 33/33 MP: 9/14
  4582 | D:4      | Reached skill level 1 in Fighting
  5208 | D:5      | Entered Level 5 of the Dungeon
  5380 | D:5      | Reached XP level 7. HP: 38/38 MP: 12/15
  5909 | D:5      | Got a faintly glowing cloak
  5915 | D:5      | Identified the +1 cloak "Reobb" {rN+ MR++ Int+3} (You found
                  | it on level 5 of the Dungeon)
  6168 | D:3      | Killed Sigmund
  6800 | D:6      | Reached XP level 8. HP: 46/46 MP: 10/16
  7073 | D:6      | Found a glowing drain.
  7082 | Sewer    | Entered a sewer
  8039 | D:6      | Found a staircase to the Ecumenical Temple.
  8046 | Temple   | Entered the Ecumenical Temple
  8299 | Temple   | Became a worshipper of Sif Muna the Loreminder
  8333 | D:6      | Reached skill level 10 in Conjurations
  9175 | D:7      | Reached * piety under Sif Muna
  9310 | D:7      | Found a snail-covered altar of Cheibriados.
  9310 | D:7      | Found a burning altar of Makhleb.
  9312 | D:7      | Found a bloodstained altar of Trog.
  9399 | D:7      | Reached skill level 5 in Spellcasting
  9399 | D:7      | Reached XP level 9. HP: 51/52 MP: 13/18
  9448 | D:7      | Learned a level 1 spell: Summon Small Mammal
  9453 | D:7      | Learned a level 4 spell: Iskenderun's Mystic Blast
  9645 | D:7      | Found an ornate altar of the Wu Jian Council.
 10394 | D:7      | Found an iron altar of Okawaru.
 10554 | D:8      | Learned a level 3 spell: Mephitic Cloud
 10675 | D:8      | Reached skill level 6 in Spellcasting
 10840 | D:8      | Noticed a two-headed ogre
 10841 | D:8      | Noticed a five-headed hydra
 10891 | D:8      | Reached ** piety under Sif Muna
 10891 | D:8      | Reached skill level 1 in Poison Magic
 11322 | D:8      | Killed a five-headed hydra
 11322 | D:8      | Reached XP level 10. HP: 56/56 MP: 1/21
 11566 | D:8      | Found a radiant altar of Vehumet.
 11690 | D:8      | Killed a two-headed ogre
 11823 | D:8      | Found Vaqax's General Store.
 11890 | D:8      | Reached *** piety under Sif Muna
 12010 | D:8      | Bought a +1 pair of boots of flying for 198 gold pieces
 12562 | D:9      | Found a shattered altar of Ashenzari.
 13189 | D:9      | Found a staircase to the Lair.
 13241 | D:9      | Reached skill level 5 in Stealth
 13780 | Lair:1   | Entered Level 1 of the Lair of Beasts
 13798 | D:10     | Entered Level 10 of the Dungeon
 13836 | D:10     | Reached skill level 1 in Invocations
 14411 | D:10     | Found a staircase to the Orcish Mines.
 14893 | D:10     | Reached skill level 5 in Invocations
 15117 | D:10     | Reached XP level 11. HP: 61/61 MP: 8/22
 16132 | Lair:1   | Reached skill level 7 in Spellcasting
 16387 | Lair:1   | Reached skill level 8 in Spellcasting
 16460 | Lair:1   | Reached **** piety under Sif Muna
 16700 | Lair:1   | Reached skill level 9 in Spellcasting
 17177 | Lair:1   | Reached skill level 5 in Dodging
 17499 | Lair:2   | Found a hole to the Spider Nest.
 17499 | Lair:2   | Noticed a wolf spider
 17614 | Lair:1   | Reached skill level 5 in Fighting
 18221 | Lair:2   | Reached skill level 1 in Evocations
 18864 | Lair:2   | Killed a wolf spider
 19434 | Lair:3   | Reached skill level 5 in Evocations
 19434 | Lair:3   | Reached XP level 12. HP: 70/70 MP: 15/27
 19882 | Lair:3   | Found a hide-covered altar of Uskayaw.
 20216 | Lair:4   | Noticed a six-headed hydra
 20399 | Lair:4   | Reached skill level 1 in Shields
 21947 | Lair:4   | Killed a six-headed hydra
 21947 | Lair:4   | Reached skill level 10 in Spellcasting
 22161 | Lair:4   | Reached skill level 11 in Spellcasting
 22858 | Lair:4   | Reached skill level 12 in Spellcasting
 23351 | Lair:5   | Noticed a four-headed hydra
 23355 | Lair:5   | Reached skill level 13 in Spellcasting
 23537 | Lair:5   | Killed a four-headed hydra
 23637 | Lair:5   | Found an iron altar of Okawaru.
 23653 | Lair:5   | Found a viscous altar of Jiyva.
 23691 | Lair:5   | Found a runed translucent door.
 23692 | Lair:5   | Noticed Elulaimn's ghost (journeyman DsIE)
 23878 | Lair:5   | Found a staircase to the Slime Pits.
 23987 | Lair:6   | Entered Level 6 of the Lair of Beasts
 24072 | Lair:6   | Reached ***** piety under Sif Muna
 24292 | Lair:6   | Received a gift from Sif Muna
 24316 | Lair:5   | Learned a level 4 spell: Airstrike
 24321 | Lair:5   | Learned a level 4 spell: Olgreb's Toxic Radiance
 24324 | Lair:5   | Learned a level 2 spell: Swiftness
 24616 | Lair:6   | Reached XP level 13. HP: 70/74 MP: 19/32
 24780 | Lair:6   | Reached skill level 5 in Summonings
 25184 | Lair:6   | Reached skill level 1 in Air Magic
 25837 | Lair:6   | Reached skill level 5 in Air Magic
 26325 | Lair:6   | Reached skill level 5 in Poison Magic
 27685 | Lair:6   | Learned a level 6 spell: Invisibility
 27687 | Lair:6   | Learned a level 1 spell: Summon Butterflies
 28161 | Orc:1    | Entered Level 1 of the Orcish Mines
 28373 | Orc:2    | Entered Level 2 of the Orcish Mines
 28373 | Orc:2    | Found Tuos's Weapon Shop.
 28438 | Orc:2    | Identified Xavobb's Volume of Supportive Changing (Sif Muna
                  | gifted it to you on level 2 of the Orcish Mines)
 28438 | Orc:2    | Received a gift from Sif Muna
 29405 | Orc:2    | Found a runed translucent gate.
 29405 | Orc:2    | Found a runed translucent gate.
 29406 | Orc:2    | Found a runed translucent gate.
 29408 | Orc:2    | Noticed brasw1bg's ghost (adept GrBe)
 29409 | Orc:2    | Identified the +3 war axe of the Shining Light {antimagic,
                  | rPois rC+ Str+2 Int-2}
 29433 | Orc:2    | Found a roughly hewn altar of Beogh.
 29596 | Orc:2    | Found Muepur's Distillery.
 29605 | Orc:2    | Bought a potion of heal wounds for 70 gold pieces
 29605 | Orc:2    | Bought a potion of heal wounds for 70 gold pieces
 29700 | Orc:2    | Found Towk's Assorted Antiques.
 29722 | Orc:2    | Reached XP level 14. HP: 84/84 MP: 16/33
 29747 | Orc:2    | Bought a ring of protection from cold for 700 gold pieces
 29747 | Orc:2    | Bought a scroll labeled DOCVIUCLET for 28 gold pieces
 29747 | Orc:2    | Bought a pair of glowing gloves for 210 gold pieces
 29810 | Orc:2    | Found a staircase to the Elven Halls.
 31101 | Orc:2    | Reached skill level 10 in Fighting
 32161 | Orc:2    | Found Orghigya's Distillery.
 32161 | Orc:2    | Found Xuyfyll's Armour Boutique.
 32169 | Orc:2    | Found Rishrola's Book Boutique.
 32169 | Orc:2    | Found Ibeumnu's Jewellery Emporium.
 32221 | Orc:2    | Bought a book of Minor Magic for 260 gold pieces
 32224 | Orc:2    | Learned a level 2 spell: Blink
 34157 | D:12     | Noticed Maurice
 34419 | D:12     | Identified Sif Muna's Reference Book on the Nocuous Birds
                  | (Sif Muna gifted it to you on level 12 of the Dungeon)
 34419 | D:12     | Received a gift from Sif Muna
 34711 | D:12     | Killed Maurice
 35921 | D:13     | Reached skill level 10 in Summonings
 36424 | D:13     | Reached skill level 15 in Conjurations
 36635 | D:13     | Reached XP level 15. HP: 92/92 MP: 15/34
 36986 | D:13     | Found a gate to the Vaults.
 37764 | D:14     | Reached skill level 5 in Hexes
 37956 | D:14     | Found an opulent altar of Gozag.
 38440 | D:14     | Found a deep blue altar of Sif Muna.
 38447 | D:14     | Found a shimmering altar of Xom.
 38447 | D:14     | Found a shimmering altar of Xom.
 38452 | D:14     | Found a radiant altar of Vehumet.
 38452 | D:14     | Found an iron altar of Okawaru.
 38452 | D:14     | Found an opulent altar of Gozag.
 39039 | D:15     | Entered Level 15 of the Dungeon
 39059 | D:15     | Identified Sif Muna's Catalogue of Lucky Air (Sif Muna
                  | gifted it to you on level 15 of the Dungeon)
 39059 | D:15     | Received a gift from Sif Muna
 41262 | D:15     | Reached skill level 10 in Hexes
 41793 | D:15     | Found a staircase to the Depths.
 42362 | Lair:2   | Found a staircase to the Swamp.
 42394 | Swamp:1  | Entered Level 1 of the Swamp
 43102 | Swamp:1  | Found a sparkling altar of Nemelex Xobeh.
 43382 | Swamp:1  | Received a gift from Sif Muna
 45245 | Swamp:2  | Reached skill level 14 in Spellcasting
 46221 | Swamp:2  | Learned a level 5 spell: Yara's Violent Unravelling
 46862 | Swamp:3  | Reached skill level 15 in Spellcasting
 47168 | Swamp:3  | Got a sparkling golden ring
 47170 | Swamp:3  | Identified the cursed ring "Asineiw" {Str+2 Int-2 Stlth+}
                  | (You found it on level 3 of the Swamp)
 47575 | Swamp:3  | Reached XP level 16. HP: 97/97 MP: 14/37
 48540 | Swamp:3  | Reached skill level 16 in Spellcasting
 48720 | Swamp:4  | Entered Level 4 of the Swamp
 50146 | Swamp:3  | Learned a level 7 spell: Spellforged Servitor
 50154 | Swamp:3  | Learned a level 6 spell: Freezing Cloud
 50191 | Swamp:4  | Identified Sif Muna's Collected Works on Frigorific Unholy
                  | Rites (Sif Muna gifted it to you on level 4 of the Swamp)
 50191 | Swamp:4  | Received a gift from Sif Muna
 50708 | Swamp:4  | Reached skill level 17 in Spellcasting
 52443 | Swamp:3  | Reached skill level 18 in Spellcasting
 52556 | Swamp:4  | HP: 1/97 [eight-headed hydra (5)]
 52556 | Swamp:4  | Slain by an eight-headed hydra

Levels and vault maps discovered:
D:1:      tarquinn_simple_flora_water_e, layout_loops_corners,
          minmay_shallow_snake_nest
D:2:      layout_basic, first_ration, fedhas_altar_fruit_tree
D:3:      layout_loops_corners, good_gods_mini_temple, uniq_sigmund
D:4:      layout_basic
D:5:      layout_basic, serial_curves, eino_curves_01, eino_curves_02
D:6:      layout_rooms, minmay_temple_entry_gardened_gates, serial_glass,
          glass_columns_b, glass_columns_a, glass_columns_a, glass_columns_b,
          glass_columns_b, glass_columns_b, glass_columns_a, glass_columns_b,
          cheibrodos_sewer_entry_sluice
D:7:      layout_loops_ring, nicolae_overflow_hidden_temple, old_standard_altar
D:8:      minmay_bloctagon, layout_gridville, lemuel_crystal_altar,
          serial_shops, shop, grunt_livestock
D:9:      layout_loops_ring, lair_entry_dummy, basic_altar
D:10:     layout_roguey, erik_orc_4
D:11:     layout_basic, portal_ice_cave_entry_imps, hangedman_decor_lopped,
          minmay_fire_ice_demons
D:12:     layout_rooms, uniq_maurice
D:13:     layout_basic, erik_vaults_2
D:14:     layout_stronghold, nicolae_gozag_cash_rules_everything_around_me,
          minmay_misc_feat_rugged, doesnt_xom_only_xom
D:15:     grunt_enter_depths_hoard, layout_rooms, minmay_misc_feat_iff,
          chequers_serial_rivers_marsh
Temple:   hc_temple_tempest_star
Lair:1:   layout_hall_layers, special_room [special_room_bee]
Lair:2:   layout_loops_ring, nicolae_swamp_entry_splash_gauntlet,
          spider_nest_entry_rubble, serial_bayou_pond_d
Lair:3:   layout_long_grid, basic_altar
Lair:4:   layout_layer_cave, beast_lair_carwin_2
Lair:5:   layout_hall_layers, slime_altar_1, basic_altar,
          ebering_ghost_reflecting_pool
Lair:6:   minmay_lair_end_frog_pond, layout_regular_city,
          chequers_serial_rivers_micro_a, minivault_27
Swamp:1:  layout_falls_marsh, nicolae_swamp_godswood
Swamp:2:  layout_basic_swamp, evilmike_swamp_ruin_house_1, swamp_pool3
Swamp:3:  layout_basic_swamp, serial_swamp_ruin, evilmike_swamp_ruin_wall,
          hangedman_swamp_ruin_wall, evilmike_swamp_ruin_house_4,
          infiniplex_staircase_pool
Swamp:4:  swamp, layout_basic_swamp, infiniplex_staircase_pool_2
Orc:1:    layout_caves
Orc:2:    st_orc_ogre_mass, layout_diamond_mine, biasface_ghost_orc_armoury,
          serial_shops, shop, shop, nicolae_shop_statue_plus
Sewer:    sewer_co_scattered_pipes

Skill      XL: |  1  2  3  4  5  6  7  8  9 10 11 12 13 14 15 16 |
---------------+-------------------------------------------------+-----
Conjurations   | 5 6 7 8 9 11 13 14 15 | 15.1
Spellcasting   | 4 5 6 9 13 15 18 | 18.0
Hexes          | 1 3 4 12 | 12.0
Fighting       | 1 3 4 6 8 10 | 10.0
Poison Magic   | 3 6 |  6.1
Dodging        | 4 6 |  6.0
Stealth        | 6 |  6.1
Invocations    | 5 7 |  7.1
Evocations     | 5 6 |  6.0
Shields        | 4 |  4.0
Summonings     | 4 6 10 11 | 11.0
Air Magic      | 6 |  6.0

Action                   |  1- 3 |  4- 6 |  7- 9 | 10-12 | 13-15 | 16-18 || total
-------------------------+-------+-------+-------+-------+-------+-------++-------
Melee: Unarmed           |       |     1 |       |       |       |       ||     1
       Hand axe          |       |     4 |    23 |    25 |    16 |       ||    68
       Staff             |       |       |       |       |    69 |     4 ||    73
 Cast: Magic Dart        |    83 |   101 |   142 |   186 |   149 |    20 ||   681
       Searing Ray       |     1 |    15 |    46 |    85 |    48 |       ||   195
       Dazzling Spray    |       |     2 |     2 |       |       |       ||     4
       Fulminant Prism   |       |     1 |    11 |    11 |     4 |       ||    27
       Iskenderun's Myst |       |       |     3 |   208 |   729 |   201 ||  1141
       Airstrike         |       |       |       |     2 |    13 |       ||    15
       Olgreb's Toxic Ra |       |       |       |     1 |    72 |     4 ||    77
       Mephitic Cloud    |       |       |       |       |     6 |       ||     6
       Blink             |       |       |       |       |    18 |    12 ||    30
       Invisibility      |       |       |       |       |     9 |     2 ||    11
       Yara's Violent Un |       |       |       |       |       |     6 ||     6
       Freezing Cloud    |       |       |       |       |       |     4 ||     4
Invok: Divine Energy     |       |       |       |     1 |       |       ||     1
Evoke: Wand              |       |       |     1 |     1 |    11 |       ||    13
  Use: Scroll            |       |       |    13 |     8 |    11 |     7 ||    39
 Stab: Sleeping          |       |     1 |       |       |       |       ||     1
       Invisible         |       |       |       |       |     2 |       ||     2
  Eat: Chunk             |     2 |    12 |    20 |    37 |    60 |     6 ||   137
       Ration            |       |       |       |     2 |     3 |     3 ||     8
Armor: Robe              |     4 |       |    16 |    41 |    76 |    32 ||   169
       Leather armour    |       |     4 |     1 |       |       |       ||     5
Dodge: Dodged            |    11 |    11 |    58 |   128 |   296 |    77 ||   581
Block: Other             |       |     2 |     9 |    21 |       |       ||    32
       Reflection        |       |     1 |       |       |    18 |     3 ||    22
       Buckler           |       |       |       |    33 |   163 |    35 ||   231

Table legend:
 A = Non-vault XP
 B = Vault XP
 C = Vault XP percentage of total XP
 D = Non-vault monster count
 E = Vault monster count
 F = Vault count percentage of total count
                 A         B        C        D         E       F
            +---------+---------+-------+---------+---------+-------
      Total |  126559 |   57539 |  31.3 |     657 |     192 |  22.6
            +---------+---------+-------+---------+---------+-------
        D:1 |      60 |       0 |   0.0 |      34 |       0 |   0.0
        D:2 |      85 |       0 |   0.0 |      27 |       0 |   0.0
        D:3 |     116 |     223 |  65.8 |      21 |       1 |   4.5
        D:4 |     357 |       0 |   0.0 |      25 |       0 |   0.0
        D:5 |     544 |       0 |   0.0 |      13 |       0 |   0.0
        D:6 |    1121 |      18 |   1.6 |      25 |       2 |   7.4
        D:7 |     871 |       0 |   0.0 |      29 |       0 |   0.0
        D:8 |     611 |    3682 |  85.8 |       8 |      18 |  69.2
        D:9 |    1752 |       0 |   0.0 |      17 |       0 |   0.0
       D:10 |    1331 |     728 |  35.4 |      19 |      16 |  45.7
       D:11 |    3238 |     181 |   5.3 |      28 |      14 |  33.3
       D:12 |    4676 |    5407 |  53.6 |      23 |       6 |  20.7
       D:13 |    5273 |    2913 |  35.6 |      38 |       3 |   7.3
       D:14 |    7728 |       0 |   0.0 |      20 |       0 |   0.0
       D:15 |   12057 |    2120 |  15.0 |      28 |       2 |   6.7
     Lair:1 |    5355 |       0 |   0.0 |      26 |       0 |   0.0
     Lair:2 |    6006 |    1684 |  21.9 |      28 |       7 |  20.0
     Lair:3 |    1194 |       0 |   0.0 |       5 |       0 |   0.0
     Lair:4 |    8795 |    1751 |  16.6 |      31 |       4 |  11.4
     Lair:5 |    2621 |     681 |  20.6 |       6 |       2 |  25.0
     Lair:6 |   10828 |   12110 |  52.8 |      28 |      48 |  63.2
    Swamp:1 |    7409 |       0 |   0.0 |      25 |       0 |   0.0
    Swamp:2 |    8789 |       0 |   0.0 |      26 |       0 |   0.0
    Swamp:3 |   14989 |    1710 |  10.2 |      31 |       2 |   6.1
    Swamp:4 |   15598 |    3991 |  20.4 |      39 |       7 |  15.2
      Orc:1 |    2735 |    1749 |  39.0 |      33 |       2 |   5.7
      Orc:2 |    2420 |   18540 |  88.5 |      24 |      38 |  61.3
      Sewer |       0 |      51 | 100.0 |       0 |      20 | 100.0
            +---------+---------+-------+---------+---------+-------
